Workbook
Name School_list: '[1]New ISB'!$C$6:$C$661

Sheet PE and Sport 23-24
A10: 1) Carry forward from 2023/24Financial Year (Black is overspend, Red is underspend).
A11: 2) Balance of Actual Income received and Expenditure April to July 2024. Taken from School Departmental Report or Prime school submitted data.
A12: 3) August/September 2024 adjustment from review of transactions processed August/September 2024 relating to 2023/24 academic year. Taken from School Departmental Report or Prime school submitted data
A13: 4) Revised balance April to August 2024 (3) minus September adjustment (4). Black is overspend and Red is underspend.
A15: Please enter your school's LAEstab (925 number) in cell A17, and the PE and Sport mini closedown data will be populated
A17: 9252084 | B17: =IF(A17="","",INDEX(Schools!C:C,MATCH(A17,Schools!B:B,0))) -> South View Community Primary School
C19: 1 | D19: 2 | E19: 3 | F19: 4
C20: Carry Forward April 2024 | D20: Actuals - April to July 2024 | E20: August to September 24 Invoices plus back pay | F20: Revised Balance
C21: =-VLOOKUP($A$17,Summary!$B$2:$L$170,5,FALSE) -> -6145 | D21: =VLOOKUP($A$17,Summary!$B$2:$L$170,4,FALSE) -> -8129 | E21: =VLOOKUP($A$17,Summary!$B$2:$O$170,10,FALSE)+VLOOKUP($A$17,Summary!$B$2:$O$169,12,FALSE) -> 14273.91 | F21: =VLOOKUP($A$17,Summary!$B$2:$O$170,14,FALSE) -> -0.09
G23: Debit (Black) overspend to be journalled to Budget Share
G24: Credit (Red) underspend to be recovered.

Sheet Summary
C1: Costc | D1: Costc(T) | E1: Actuals P1-P4 | F1: Revisions | G1: Variance | H1: Under Spends to check | I1: Overspends to journal | K1: Aug/Sept invoices relating to 23/24 | M1: April - July Back Pay | O1: Adjusted Under / overspend 23/24 | Q1: Adjusted Overspend 23/24 | S1: Overspend Back to Budget Share | U1: Underspend Clawback | W1: TR Check | X1: TR Notes for MN review
B2: =VLOOKUP(C2,Schools!$A$2:$C$175,2,FALSE) -> 9252142 | C2: S200BA | D2: Alford Primary PE & Sports Grant | E2: 1597.91 | F2: 4618 | G2: =-F2+E2 -> -3020.09 | H2: =IF(G2<0,G2,0) -> -3020.09 | I2: =IF(G2>0,G2,0) -> 0 | K2: 5098.96 | M2: 206.82 | O2: =G2+K2+M2 -> 2285.69 | Q2: =I2+O2 -> 2285.69 | S2: =IF(O2>=0,O2,0) -> 2285.69 | U2: =IF(O2<=0,O2,0) -> 0 | W2: a | X2: Staffing costs in August where they are overtime and oncosts and Apprenticeship levy relating to July should be included Pcard why include costs for one item on the 27/08/2024 and not the other | Y2: Corrected staffing. 2 Pcard entries related to August and September 24 transaction, one for July.
B3: =VLOOKUP(C3,Schools!$A$2:$C$175,2,FALSE) -> 9253000 | C3: S201BA | D3: Allington with Sedgebrook CE Primary PE & Sports Grant | E3: 411 | F3: 1583 | G3: =-F3+E3 -> -1172 | H3: =IF(G3<0,G3,0) -> -1172 | I3: =IF(G3>0,G3,0) -> 0 | K3: 1604.5 | M3: 0 | O3: =G3+K3+M3 -> 432.5 | Q3: =I3+O3 -> 432.5 | S3: =IF(O3>=0,O3,0) -> 432.5 | U3: =IF(O3<=0,O3,0) -> 0 | W3: a
B4: =VLOOKUP(C4,Schools!$A$2:$C$175,2,FALSE) -> 9253001 | C4: S203BA | D4: Ancaster CE Primary PE & Sports Grant | E4: -6849 | F4: 1169 | G4: =-F4+E4 -> -8018 | H4: =IF(G4<0,G4,0) -> -8018 | I4: =IF(G4>0,G4,0) -> 0 | J4: PRIME | K4: 8496.48 | M4: 0 | O4: =G4+K4+M4 -> 478.48 | S4: =IF(O4>=0,O4,0) -> 478.48 | U4: =IF(O4<=0,O4,0) -> 0 | X4: Require details from the prime school which will have been provided with the Q1 & 2 returns adding to the evidence spreadsheet and details adding into this spreadsheet | Y4: Need to query with school as spreadsheet states P1 to P6
B5: =VLOOKUP(C5,Schools!$A$2:$C$175,2,FALSE) -> 9253154 | C5: S204BA | D5: Bardney Joint CE/Methodist (CTD) Primary PE & Sports Grant | E5: -1295 | F5: -6463 | G5: =-F5+E5 -> 5168 | H5: =IF(G5<0,G5,0) -> 0 | I5: =IF(G5>0,G5,0) -> 5168 | K5: 0 | M5: 0 | O5: =G5+K5+M5 -> 5168 | Q5: =I5+O5 -> 10336 | S5: =IF(O5>=0,O5,0) -> 5168 | U5: =IF(O5<=0,O5,0) -> 0 | W5: a | X5: Review Aug and Sept costs to determine whether 2023/24 or 2024/25 | Y5: No transactions Aug/Sept on report
B6: =VLOOKUP(C6,Schools!$A$2:$C$175,2,FALSE) -> 9255222 | C6: S205BA | D6: Barkston and Syston CE Primary PE & Sports Grant | E6: 2966.06 | F6: 2966 | G6: =-F6+E6 -> 0.06 | H6: =IF(G6<0,G6,0) -> 0 | I6: =IF(G6>0,G6,0) -> 0.06 | K6: 5379.4 | M6: 22.04 | O6: =G6+K6+M6 -> 5401.5 | Q6: =I6+O6 -> 5401.56 | S6: =IF(O6>=0,O6,0) -> 5401.5 | U6: =IF(O6<=0,O6,0) -> 0 | W6: a | X6: Review Aug and Sept costs to determine whether 2023/24 or 2024/25 | Y6: Done
B7: =VLOOKUP(C7,Schools!$A$2:$C$175,2,FALSE) -> 9253004 | C7: S206BA | D7: Barrowby CE Primary PE & Sports Grant | E7: 4985.04 | F7: 2361 | G7: =-F7+E7 -> 2624.04 | H7: =IF(G7<0,G7,0) -> 0 | I7: =IF(G7>0,G7,0) -> 2624.04 | K7: =72.42+1228.52 -> 1300.94 | M7: 524.3 | O7: =G7+K7+M7 -> 4449.28 | Q7: =I7+O7 -> 7073.32 | S7: =IF(O7>=0,O7,0) -> 4449.28 | U7: =IF(O7<=0,O7,0) -> 0 | W7: a | X7: Review Aug and Sept costs to determine whether 2023/24 or 2024/25 | Y7: Payroll split coding covers P4 to 6. Amended 13/01/25
B8: =VLOOKUP(C8,Schools!$A$2:$C$175,2,FALSE) -> 9253005 | C8: S208BA | D8: Baston CE Primary PE & Sports Grant | E8: 4729.78 | F8: 4189 | G8: =-F8+E8 -> 540.78 | H8: =IF(G8<0,G8,0) -> 0 | I8: =IF(G8>0,G8,0) -> 540.78 | K8: 880.66 | M8: 1.88 | O8: =G8+K8+M8 -> 1423.32 | Q8: =I8+O8 -> 1964.1 | S8: =IF(O8>=0,O8,0) -> 1423.32 | U8: =IF(O8<=0,O8,0) -> 0 | W8: a | X8: Review Aug and Sept costs to determine whether 2023/24 or 2024/25 | Y8: Done
B9: =VLOOKUP(C9,Schools!$A$2:$C$175,2,FALSE) -> 9252003 | C9: S209BA | D9: Billingborough Primary PE & Sports Grant | E9: -4137.01 | F9: 7364 | G9: =-F9+E9 -> -11501.01 | H9: =IF(G9<0,G9,0) -> -11501.01 | I9: =IF(G9>0,G9,0) -> 0 | K9: 600 | M9: 0 | O9: =G9+K9+M9 -> -10901.01 | S9: =IF(O9>=0,O9,0) -> 0 | U9: =IF(O9<=0,O9,0) -> -10901.01 | W9: a
B10: =VLOOKUP(C10,Schools!$A$2:$C$175,2,FALSE) -> 9253007 | C10: S210BA | D10: Billinghay CE Primary PE & Sports Grant | E10: 1194.53 | F10: -1770 | G10: =-F10+E10 -> 2964.53 | H10: =IF(G10<0,G10,0) -> 0 | I10: =IF(G10>0,G10,0) -> 2964.53 | K10: 2.39 | M10: 353.95 | O10: =G10+K10+M10 -> 3320.87 | Q10: =I10+O10 -> 6285.4 | S10: =IF(O10>=0,O10,0) -> 3320.87 | U10: =IF(O10<=0,O10,0) -> 0 | W10: a | X10: Review Aug and Sept costs to determine whether 2023/24 or 2024/25 | Y10: Done
B11: =VLOOKUP(C11,Schools!$A$2:$C$175,2,FALSE) -> 9253116 | C11: S211BA | D11: Binbrook CE Primary PE & Sports Grant | E11: -2731 | F11: -4577 | G11: =-F11+E11 -> 1846 | H11: =IF(G11<0,G11,0) -> 0 | I11: =IF(G11>0,G11,0) -> 1846 | K11: 266 | M11: 0 | O11: =G11+K11+M11 -> 2112 | Q11: =I11+O11 -> 3958 | S11: =IF(O11>=0,O11,0) -> 2112 | U11: =IF(O11<=0,O11,0) -> 0 | W11: a | X11: Review Aug and Sept costs to determine whether 2023/24 or 2024/25 20/11/2024 Agree with the £266 in column K. Are we going to correct this journal to ensure costs are correct on BA? | Y11: £266 credited to BS in error. Journal processed to correct 21/11/24
B12: =VLOOKUP(C12,Schools!$A$2:$C$175,2,FALSE) -> 9253350 | C12: S212BA | D12: Blyton Cum Laughton CE Primary PE & Sports Grant | E12: -1955.98 | F12: -5076 | G12: =-F12+E12 -> 3120.02 | H12: =IF(G12<0,G12,0) -> 0 | I12: =IF(G12>0,G12,0) -> 3120.02 | K12: 2816.11 | M12: 140.08 | O12: =G12+K12+M12 -> 6076.21 | Q12: =I12+O12 -> 9196.23 | S12: =IF(O12>=0,O12,0) -> 6076.21 | U12: =IF(O12<=0,O12,0) -> 0 | W12: a | X12: Review Aug and Sept costs to determine whether 2023/24 or 2024/25 | Y12: Done
B13: =VLOOKUP(C13,Schools!$A$2:$C$175,2,FALSE) -> 9252113 | C13: S213BA | D13: Boston Hawthorn Tree Primary PE & Sports Grant | E13: -4204.4 | F13: 292 | G13: =-F13+E13 -> -4496.4 | H13: =IF(G13<0,G13,0) -> -4496.4 | I13: =IF(G13>0,G13,0) -> 0 | K13: 0 | M13: 0 | O13: =G13+K13+M13 -> -4496.4 | S13: =IF(O13>=0,O13,0) -> 0 | U13: =IF(O13<=0,O13,0) -> -4496.4 | W13: a
B14: =VLOOKUP(C14,Schools!$A$2:$C$175,2,FALSE) -> 9253163 | C14: S218BA | D14: Brant Broughton CE/Methodist Primary PE & Sports Grant | E14: -1017 | F14: -1451 | G14: =-F14+E14 -> 434 | H14: =IF(G14<0,G14,0) -> 0 | I14: =IF(G14>0,G14,0) -> 434 | K14: 0 | M14: 0 | O14: =G14+K14+M14 -> 434 | Q14: =I14+O14 -> 868 | S14: =IF(O14>=0,O14,0) -> 434 | U14: =IF(O14<=0,O14,0) -> 0 | W14: a | X14: Review Aug and Sept costs to determine whether 2023/24 or 2024/25 | Y14: Done
B15: =VLOOKUP(C15,Schools!$A$2:$C$175,2,FALSE) -> 9252146 | C15: S220BA | D15: Bucknall Rural Villages Primary PE & Sports Grant | E15: -2801.5 | F15: 15039 | G15: =-F15+E15 -> -17840.5 | H15: =IF(G15<0,G15,0) -> -17840.5 | I15: =IF(G15>0,G15,0) -> 0 | K15: 0 | M15: 0 | O15: =G15+K15+M15 -> -17840.5 | S15: =IF(O15>=0,O15,0) -> 0 | U15: =IF(O15<=0,O15,0) -> -17840.5 | W15: a
B16: =VLOOKUP(C16,Schools!$A$2:$C$175,2,FALSE) -> 9253118 | C16: S221BA | D16: Burgh-Le-Marsh St Peter & St Paul CE Primary PE & Sports Grant | E16: -49.66 | F16: -320 | G16: =-F16+E16 -> 270.34 | H16: =IF(G16<0,G16,0) -> 0 | I16: =IF(G16>0,G16,0) -> 270.34 | K16: 1235.41 | M16: 45.98 | O16: =G16+K16+M16 -> 1551.73 | Q16: =I16+O16 -> 1822.07 | S16: =IF(O16>=0,O16,0) -> 1551.73 | U16: =IF(O16<=0,O16,0) -> 0 | W16: a | X16: Review Aug and Sept costs to determine whether 2023/24 or 2024/25 | Y16: Done
B17: =VLOOKUP(C17,Schools!$A$2:$C$175,2,FALSE) -> 9252243 | C17: S222BA | D17: Bythams Primary PE & Sports Grant | E17: -23.55 | F17: 2564 | G17: =-F17+E17 -> -2587.55 | H17: =IF(G17<0,G17,0) -> -2587.55 | I17: =IF(G17>0,G17,0) -> 0 | K17: 199.15 | M17: 0 | O17: =G17+K17+M17 -> -2388.4 | S17: =IF(O17>=0,O17,0) -> 0 | U17: =IF(O17<=0,O17,0) -> -2388.4 | W17: a | X17: August allowance is this additional hours for July? | Y17: Contractural hours
B18: =VLOOKUP(C18,Schools!$A$2:$C$175,2,FALSE) -> 9255216 | C18: S223BA | D18: Butterwick Pinchbecks Endowed CE Primary PE & Sports Grant | E18: 26.19 | F18: 4 | G18: =-F18+E18 -> 22.19 | H18: =IF(G18<0,G18,0) -> 0 | I18: =IF(G18>0,G18,0) -> 22.19 | K18: 97.78 | M18: 65.92 | O18: =G18+K18+M18 -> 185.89 | Q18: =I18+O18 -> 208.08 | S18: =IF(O18>=0,O18,0) -> 185.89 | U18: =IF(O18<=0,O18,0) -> 0 | W18: a | X18: Review Aug and Sept costs to determine whether 2023/24 or 2024/25 20/11/2024 I can't find the evidence on the Departmental report WP? Can you add a tab for the school | Y18: Added 21/11/24
B19: =VLOOKUP(C19,Schools!$A$2:$C$175,2,FALSE) -> 9253156 | C19: S224BA | D19: Caistor Joint CE/Methodist Primary PE & Sports Grant | E19: -4717.95 | F19: 1003 | G19: =-F19+E19 -> -5720.95 | H19: =IF(G19<0,G19,0) -> -5720.95 | I19: =IF(G19>0,G19,0) -> 0 | K19: 2637.04 | M19: 0 | O19: =G19+K19+M19 -> -3083.91 | S19: =IF(O19>=0,O19,0) -> 0 | U19: =IF(O19<=0,O19,0) -> -3083.91 | W19: a
B20: =VLOOKUP(C20,Schools!$A$2:$C$175,2,FALSE) -> 9253078 | C20: S228BA | D20: Claypole CE Primary PE & Sports Grant | E20: -2532.05 | F20: 5603 | G20: =-F20+E20 -> -8135.05 | H20: =IF(G20<0,G20,0) -> -8135.05 | I20: =IF(G20>0,G20,0) -> 0 | K20: 0 | M20: 0 | O20: =G20+K20+M20 -> -8135.05 | S20: =IF(O20>=0,O20,0) -> 0 | U20: =IF(O20<=0,O20,0) -> -8135.05 | W20: a
B21: =VLOOKUP(C21,Schools!$A$2:$C$175,2,FALSE) -> 9253015 | C21: S229BA | D21: Coleby CE Primary PE & Sports Grant | E21: -2170.84 | F21: 535 | G21: =-F21+E21 -> -2705.84 | H21: =IF(G21<0,G21,0) -> -2705.84 | I21: =IF(G21>0,G21,0) -> 0 | K21: 609.27 | M21: 143.44 | O21: =G21+K21+M21 -> -1953.13 | S21: =IF(O21>=0,O21,0) -> 0 | U21: =IF(O21<=0,O21,0) -> -1953.13 | W21: a | X21: August allowance is this additional hours for July? Not included apprenticeship levy for July | Y21: Additional hours. Added levy.
B22: =VLOOKUP(C22,Schools!$A$2:$C$175,2,FALSE) -> 9252013 | C22: S232BA | D22: Corby Glen Community Primary PE & Sports Grant | E22: -3724.71 | F22: -5300 | G22: =-F22+E22 -> 1575.29 | H22: =IF(G22<0,G22,0) -> 0 | I22: =IF(G22>0,G22,0) -> 1575.29 | K22: 1066.82 | M22: 0 | O22: =G22+K22+M22 -> 2642.11 | Q22: =I22+O22 -> 4217.4 | S22: =IF(O22>=0,O22,0) -> 2642.11 | U22: =IF(O22<=0,O22,0) -> 0 | W22: a | X22: Review Aug and Sept costs to determine whether 2023/24 or 2024/25 20/11/2024 Transaction 2000294849 should this be 2024/25? Transaction 2000286931 should this be 2024/25? | Y22: Corrected 21/11/24
B23: =VLOOKUP(C23,Schools!$A$2:$C$175,2,FALSE) -> 9253120 | C23: S233BA | D23: Corringham CE (CTD) Primary PE & Sports Grant | E23: 1157.62 | F23: 8745 | G23: =-F23+E23 -> -7587.38 | H23: =IF(G23<0,G23,0) -> -7587.38 | I23: =IF(G23>0,G23,0) -> 0 | K23: 8061 | M23: 0 | O23: =G23+K23+M23 -> 473.62 | Q23: =I23+O23 -> 473.62 | S23: =IF(O23>=0,O23,0) -> 473.62 | U23: =IF(O23<=0,O23,0) -> 0 | W23: a | X23: JTRS invoices have been excluded? Transaction 2000278682 was for July. Have you excluded due to the type of expenditure? Where this is the case can you include this reason on your working paper. If this is not the case then plesae review again and update | Y23: Updated
B24: =VLOOKUP(C24,Schools!$A$2:$C$175,2,FALSE) -> 9253337 | C24: S234BA | D24: Cowbit St Mary´s (Endowed) CE Primary PE & Sports Grant | E24: -2653 | F24: -952 | G24: =-F24+E24 -> -1701 | H24: =IF(G24<0,G24,0) -> -1701 | I24: =IF(G24>0,G24,0) -> 0 | K24: 1344.44 | M24: 0 | O24: =G24+K24+M24 -> -356.56 | S24: =IF(O24>=0,O24,0) -> 0 | U24: =IF(O24<=0,O24,0) -> -356.56 | W24: a
B25: =VLOOKUP(C25,Schools!$A$2:$C$175,2,FALSE) -> 9255207 | C25: S235BA | D25: Cranwell Primary PE & Sports Grant | E25: -7758 | F25: 0 | G25: =-F25+E25 -> -7758 | H25: =IF(G25<0,G25,0) -> -7758 | I25: =IF(G25>0,G25,0) -> 0 | J25: PRIME | K25: 7758 | M25: 0 | O25: =G25+K25+M25 -> 0 | S25: =IF(O25>=0,O25,0) -> 0 | U25: =IF(O25<=0,O25,0) -> 0 | W25: a | X25: Require details from the prime school which will have been provided with the Q1 & 2 returns adding to the evidence spreadsheet and details adding into this spreadsheet | Y25: Updated
B26: =VLOOKUP(C26,Schools!$A$2:$C$175,2,FALSE) -> 9252084 | C26: S236BA | D26: Crowland South View Community Primary PE & Sports Grant | E26: -8129 | F26: 6145 | G26: =-F26+E26 -> -14274 | H26: =IF(G26<0,G26,0) -> -14274 | I26: =IF(G26>0,G26,0) -> 0 | J26: PRIME | K26: 14273.91 | M26: 0 | O26: =G26+K26+M26 -> -0.09 | S26: =IF(O26>=0,O26,0) -> 0 | U26: =IF(O26<=0,O26,0) -> -0.09 | W26: a | X26: Require details from the prime school which will have been provided with the Q1 & 2 returns adding to the evidence spreadsheet and details adding into this spreadsheet | Y26: Updated
B27: =VLOOKUP(C27,Schools!$A$2:$C$175,2,FALSE) -> 9252062 | C27: S237BA | D27: Deeping St James Community Primary PE & Sports Grant | E27: 7256.12 | F27: 4735 | G27: =-F27+E27 -> 2521.12 | H27: =IF(G27<0,G27,0) -> 0 | I27: =IF(G27>0,G27,0) -> 2521.12 | K27: 1922.81 | M27: 0 | O27: =G27+K27+M27 -> 4443.93 | Q27: =I27+O27 -> 6965.05 | S27: =IF(O27>=0,O27,0) -> 4443.93 | U27: =IF(O27<=0,O27,0) -> 0 | W27: a | X27: Review Aug and Sept costs to determine whether 2023/24 or 2024/25 20/11/2024 Transaction 200273058 in the invoice number I've relaised there is a date at the start for this one its 08072024. You'll see the one above is 08092024. Do you agree? If so then the £15.94 needs to be included | Y27: Amended 21/11/24
B28: =VLOOKUP(C28,Schools!$A$2:$C$175,2,FALSE) -> 9252085 | C28: S239BA | D28: Deeping St Nicholas Primary PE & Sports Grant | E28: 589.45 | F28: 5374 | G28: =-F28+E28 -> -4784.55 | H28: =IF(G28<0,G28,0) -> -4784.55 | I28: =IF(G28>0,G28,0) -> 0 | K28: 0 | M28: 0 | O28: =G28+K28+M28 -> -4784.55 | S28: =IF(O28>=0,O28,0) -> 0 | U28: =IF(O28<=0,O28,0) -> -4784.55 | W28: a
B29: =VLOOKUP(C29,Schools!$A$2:$C$175,2,FALSE) -> 9253017 | C29: S240BA | D29: Denton CE Primary PE & Sports Grant | E29: 3611.39 | F29: 3611 | G29: =-F29+E29 -> 0.39 | H29: =IF(G29<0,G29,0) -> 0 | I29: =IF(G29>0,G29,0) -> 0.39 | K29: 1974.83 | M29: 0 | O29: =G29+K29+M29 -> 1975.22 | Q29: =I29+O29 -> 1975.61 | S29: =IF(O29>=0,O29,0) -> 1975.22 | U29: =IF(O29<=0,O29,0) -> 0 | W29: a | X29: Review Aug and Sept costs to determine whether 2023/24 or 2024/25 | Y29: Done
B30: =VLOOKUP(C30,Schools!$A$2:$C$175,2,FALSE) -> 9253018 | C30: S241BA | D30: Digby CE Primary PE & Sports Grant | E30: 66.91 | F30: 864 | G30: =-F30+E30 -> -797.09 | H30: =IF(G30<0,G30,0) -> -797.09 | I30: =IF(G30>0,G30,0) -> 0 | K30: 1827.84 | M30: 0 | O30: =G30+K30+M30 -> 1030.75 | Q30: =I30+O30 -> 1030.75 | S30: =IF(O30>=0,O30,0) -> 1030.75 | U30: =IF(O30<=0,O30,0) -> 0 | W30: a
B31: =VLOOKUP(C31,Schools!$A$2:$C$175,2,FALSE) -> 9252017 | C31: S242BA | D31: Digby The Tedder Primary PE & Sports Grant | E31: -4486 | F31: -922 | G31: =-F31+E31 -> -3564 | H31: =IF(G31<0,G31,0) -> -3564 | I31: =IF(G31>0,G31,0) -> 0 | K31: 919 | M31: 0 | O31: =G31+K31+M31 -> -2645 | S31: =IF(O31>=0,O31,0) -> 0 | U31: =IF(O31<=0,O31,0) -> -2645 | W31: a
B32: =VLOOKUP(C32,Schools!$A$2:$C$175,2,FALSE) -> 9253098 | C32: S243BA | D32: Donington Cowley Endowed Primary PE & Sports Grant | E32: 5399.43 | F32: 4714 | G32: =-F32+E32 -> 685.43 | H32: =IF(G32<0,G32,0) -> 0 | I32: =IF(G32>0,G32,0) -> 685.43 | K32: 192.5 | M32: 0 | O32: =G32+K32+M32 -> 877.93 | Q32: =I32+O32 -> 1563.36 | S32: =IF(O32>=0,O32,0) -> 877.93 | U32: =IF(O32<=0,O32,0) -> 0 | W32: a | X32: Review Aug and Sept costs to determine whether 2023/24 or 2024/25 | Y32: Done
B33: =VLOOKUP(C33,Schools!$A$2:$C$175,2,FALSE) -> 9252149 | C33: S244BA | D33: Donington-On-Bain Primary PE & Sports Grant | E33: -2396 | F33: -2560 | G33: =-F33+E33 -> 164 | H33: =IF(G33<0,G33,0) -> 0 | I33: =IF(G33>0,G33,0) -> 164 | K33: 0 | M33: 0 | O33: =G33+K33+M33 -> 164 | Q33: =I33+O33 -> 328 | S33: =IF(O33>=0,O33,0) -> 164 | U33: =IF(O33<=0,O33,0) -> 0 | W33: a | X33: Review Aug and Sept costs to determine whether 2023/24 or 2024/25 | Y33: Done
B34: =VLOOKUP(C34,Schools!$A$2:$C$175,2,FALSE) -> 9253121 | C34: S245BA | D34: Dunholme St Chad´s CE Primary PE & Sports Grant | E34: 10321.77 | F34: 9367 | G34: =-F34+E34 -> 954.77 | H34: =IF(G34<0,G34,0) -> 0 | I34: =IF(G34>0,G34,0) -> 954.77 | K34: 750 | M34: 0 | O34: =G34+K34+M34 -> 1704.77 | Q34: =I34+O34 -> 2659.54 | S34: =IF(O34>=0,O34,0) -> 1704.77 | U34: =IF(O34<=0,O34,0) -> 0 | W34: a | X34: Review Aug and Sept costs to determine whether 2023/24 or 2024/25 20/11/2024 Transaction 2000280699 why has this been excluded? | Y34: Amended 21/11/24
B35: =VLOOKUP(C35,Schools!$A$2:$C$175,2,FALSE) -> 9253021 | C35: S246BA | D35: Dunston St Peter´s CE Primary PE & Sports Grant | E35: 6199.49 | F35: 7670 | G35: =-F35+E35 -> -1470.51 | H35: =IF(G35<0,G35,0) -> -1470.51 | I35: =IF(G35>0,G35,0) -> 0 | K35: 1787.97 | M35: 0 | O35: =G35+K35+M35 -> 317.46 | Q35: =I35+O35 -> 317.46 | S35: =IF(O35>=0,O35,0) -> 317.46 | U35: =IF(O35<=0,O35,0) -> 0 | W35: a
B36: =VLOOKUP(C36,Schools!$A$2:$C$175,2,FALSE) -> 9252019 | C36: S247BA | D36: Eagle Community Primary PE & Sports Grant | E36: 4236.7 | F36: 5608 | G36: =-F36+E36 -> -1371.3 | H36: =IF(G36<0,G36,0) -> -1371.3 | I36: =IF(G36>0,G36,0) -> 0 | K36: 275 | M36: 0 | O36: =G36+K36+M36 -> -1096.3 | S36: =IF(O36>=0,O36,0) -> 0 | U36: =IF(O36<=0,O36,0) -> -1096.3 | W36: a
B37: =VLOOKUP(C37,Schools!$A$2:$C$175,2,FALSE) -> 9252151 | C37: S249BA | D37: Faldingworth Community Primary PE & Sports Grant | E37: 1079.64 | F37: -40 | G37: =-F37+E37 -> 1119.64 | H37: =IF(G37<0,G37,0) -> 0 | I37: =IF(G37>0,G37,0) -> 1119.64 | K37: 0 | M37: 0 | O37: =G37+K37+M37 -> 1119.64 | Q37: =I37+O37 -> 2239.28 | S37: =IF(O37>=0,O37,0) -> 1119.64 | U37: =IF(O37<=0,O37,0) -> 0 | W37: a | X37: Review Aug and Sept costs to determine whether 2023/24 or 2024/25 | Y37: No transactions Aug/Sept on report
B38: =VLOOKUP(C38,Schools!$A$2:$C$175,2,FALSE) -> 9253122 | C38: S250BA | D38: Fiskerton CE Primary PE & Sports Grant | E38: -6975 | F38: 0 | G38: =-F38+E38 -> -6975 | H38: =IF(G38<0,G38,0) -> -6975 | I38: =IF(G38>0,G38,0) -> 0 | J38: PRIME | K38: 0 | M38: 0 | O38: =G38+K38+M38 -> -6975 | S38: =IF(O38>=0,O38,0) -> 0 | U38: =IF(O38<=0,O38,0) -> -6975 | X38: Require details from the prime school which will have been provided with the Q1 & 2 returns adding to the evidence spreadsheet and details adding into this spreadsheet | Y38: Updated
B39: =VLOOKUP(C39,Schools!$A$2:$C$175,2,FALSE) -> 9252087 | C39: S251BA | D39: Fleet Wood Lane Primary PE & Sports Grant | E39: 3340.19 | F39: 13381 | G39: =-F39+E39 -> -10040.81 | H39: =IF(G39<0,G39,0) -> -10040.81 | I39: =IF(G39>0,G39,0) -> 0 | K39: 1389.05 | M39: 0 | O39: =G39+K39+M39 -> -8651.76 | S39: =IF(O39>=0,O39,0) -> 0 | U39: =IF(O39<=0,O39,0) -> -8651.76 | W39: a
B40: =VLOOKUP(C40,Schools!$A$2:$C$175,2,FALSE) -> 9252100 | C40: S254BA | D40: Fulstow Primary PE & Sports Grant | E40: 114.63 | F40: -2081 | G40: =-F40+E40 -> 2195.63 | H40: =IF(G40<0,G40,0) -> 0 | I40: =IF(G40>0,G40,0) -> 2195.63 | K40: 589.1 | M40: 0 | O40: =G40+K40+M40 -> 2784.73 | Q40: =I40+O40 -> 4980.36 | S40: =IF(O40>=0,O40,0) -> 2784.73 | U40: =IF(O40<=0,O40,0) -> 0 | W40: a | X40: Review Aug and Sept costs to determine whether 2023/24 or 2024/25 | Y40: Done
B41: =VLOOKUP(C41,Schools!$A$2:$C$175,2,FALSE) -> 9252214 | C41: S255BA | D41: Gainsborough Charles Baines Community Primary PE & Sports Grant | E41: -497.67 | F41: 4844 | G41: =-F41+E41 -> -5341.67 | H41: =IF(G41<0,G41,0) -> -5341.67 | I41: =IF(G41>0,G41,0) -> 0 | K41: 4560 | M41: 0 | O41: =G41+K41+M41 -> -781.67 | S41: =IF(O41>=0,O41,0) -> 0 | U41: =IF(O41<=0,O41,0) -> -781.67 | W41: a
B42: =VLOOKUP(C42,Schools!$A$2:$C$175,2,FALSE) -> 9253169 | C42: S256BA | D42: Gainsborough St George´s CE Community Primary PE & Sports Grant | E42: -4930.78 | F42: -4981 | G42: =-F42+E42 -> 50.22 | H42: =IF(G42<0,G42,0) -> 0 | I42: =IF(G42>0,G42,0) -> 50.22 | K42: 460 | M42: 0 | O42: =G42+K42+M42 -> 510.22 | Q42: =I42+O42 -> 560.44 | S42: =IF(O42>=0,O42,0) -> 510.22 | U42: =IF(O42<=0,O42,0) -> 0 | W42: a | X42: Review Aug and Sept costs to determine whether 2023/24 or 2024/25 | Y42: Done
B43: =VLOOKUP(C43,Schools!$A$2:$C$175,2,FALSE) -> 9252089 | C43: S258BA | D43: Gedney Drove End Primary PE & Sports Grant | E43: 3293.11 | F43: 3286 | G43: =-F43+E43 -> 7.11 | H43: =IF(G43<0,G43,0) -> 0 | I43: =IF(G43>0,G43,0) -> 7.11 | K43: 0 | M43: 0 | O43: =G43+K43+M43 -> 7.11 | Q43: =I43+O43 -> 14.22 | S43: =IF(O43>=0,O43,0) -> 7.11 | U43: =IF(O43<=0,O43,0) -> 0 | W43: a | X43: Review Aug and Sept costs to determine whether 2023/24 or 2024/25 | Y43: No transactions Aug/Sept on report
B44: =VLOOKUP(C44,Schools!$A$2:$C$175,2,FALSE) -> 9253088 | C44: S259BA | D44: Gedney Hill CE (CTD) Primary PE & Sports Grant | E44: 11169.21 | F44: 11045 | G44: =-F44+E44 -> 124.21 | H44: =IF(G44<0,G44,0) -> 0 | I44: =IF(G44>0,G44,0) -> 124.21 | K44: 1525 | M44: 0 | O44: =G44+K44+M44 -> 1649.21 | Q44: =I44+O44 -> 1773.42 | S44: =IF(O44>=0,O44,0) -> 1649.21 | U44: =IF(O44<=0,O44,0) -> 0 | W44: a | X44: Review Aug and Sept costs to determine whether 2023/24 or 2024/25 | Y44: Done
B45: =VLOOKUP(C45,Schools!$A$2:$C$175,2,FALSE) -> 9252091 | C45: S260BA | D45: Gosberton Clough And Risegate Community Primary PE & Sports Grant | E45: 21172.78 | F45: 15541 | G45: =-F45+E45 -> 5631.78 | H45: =IF(G45<0,G45,0) -> 0 | I45: =IF(G45>0,G45,0) -> 5631.78 | K45: 0 | M45: 0 | O45: =G45+K45+M45 -> 5631.78 | Q45: =I45+O45 -> 11263.56 | S45: =IF(O45>=0,O45,0) -> 5631.78 | U45: =IF(O45<=0,O45,0) -> 0 | W45: a | X45: Review Aug and Sept costs to determine whether 2023/24 or 2024/25 | Y45: No transactions Aug/Sept on report
B46: =VLOOKUP(C46,Schools!$A$2:$C$175,2,FALSE) -> 9252158 | C46: S261BA | D46: Grainthorpe Primary PE & Sports Grant | E46: 8390.36 | F46: 4683 | G46: =-F46+E46 -> 3707.36 | H46: =IF(G46<0,G46,0) -> 0 | I46: =IF(G46>0,G46,0) -> 3707.36 | K46: 203.5 | M46: 0 | O46: =G46+K46+M46 -> 3910.86 | Q46: =I46+O46 -> 7618.22 | S46: =IF(O46>=0,O46,0) -> 3910.86 | U46: =IF(O46<=0,O46,0) -> 0 | W46: a | X46: Review Aug and Sept costs to determine whether 2023/24 or 2024/25 | Y46: Done
B47: =VLOOKUP(C47,Schools!$A$2:$C$175,2,FALSE) -> 9252070 | C47: S262BA | D47: Grantham Belmont Community Primary PE & Sports Grant | E47: 1752.25 | F47: 1938 | G47: =-F47+E47 -> -185.75 | H47: =IF(G47<0,G47,0) -> -185.75 | I47: =IF(G47>0,G47,0) -> 0 | K47: 185.35 | M47: 0 | O47: =G47+K47+M47 -> -0.4 | S47: =IF(O47>=0,O47,0) -> 0 | U47: =IF(O47<=0,O47,0) -> -0.4 | W47: a
B48: =VLOOKUP(C48,Schools!$A$2:$C$175,2,FALSE) -> 9252054 | C48: S263BA | D48: Grantham Belton Lane Community Primary PE & Sports Grant | E48: -6041.02 | F48: 9708 | G48: =-F48+E48 -> -15749.02 | H48: =IF(G48<0,G48,0) -> -15749.02 | I48: =IF(G48>0,G48,0) -> 0 | K48: 0 | M48: 0 | O48: =G48+K48+M48 -> -15749.02 | S48: =IF(O48>=0,O48,0) -> 0 | U48: =IF(O48<=0,O48,0) -> -15749.02 | W48: a
B49: =VLOOKUP(C49,Schools!$A$2:$C$175,2,FALSE) -> 9252055 | C49: S264BA | D49: Grantham Cliffedale Primary PE & Sports Grant | E49: -3696 | F49: -956 | G49: =-F49+E49 -> -2740 | H49: =IF(G49<0,G49,0) -> -2740 | I49: =IF(G49>0,G49,0) -> 0 | K49: 4914.61 | M49: 0 | O49: =G49+K49+M49 -> 2174.61 | Q49: =I49+O49 -> 2174.61 | S49: =IF(O49>=0,O49,0) -> 2174.61 | U49: =IF(O49<=0,O49,0) -> 0 | W49: a
B50: =VLOOKUP(C50,Schools!$A$2:$C$175,2,FALSE) -> 9253029 | C50: S265BA | D50: Grantham Gonerby Hill Foot CE Primary PE & Sports Grant | E50: -7783 | F50: -1 | G50: =-F50+E50 -> -7782 | H50: =IF(G50<0,G50,0) -> -7782 | I50: =IF(G50>0,G50,0) -> 0 | J50: PRIME | K50: 7783 | M50: 0 | O50: =G50+K50+M50 -> 1 | S50: =G50+K50 -> 1 | U50: =IF(O50<=0,O50,0) -> 0 | W50: a | X50: Require details from the prime school which will have been provided with the Q1 & 2 returns adding to the evidence spreadsheet and details adding into this spreadsheet | Y50: Updated
B51: =VLOOKUP(C51,Schools!$A$2:$C$175,2,FALSE) -> 9253026 | C51: S266BA | D51: Grantham St Anne´s CE Primary PE & Sports Grant | E51: 6724.73 | F51: 8015 | G51: =-F51+E51 -> -1290.27 | H51: =IF(G51<0,G51,0) -> -1290.27 | I51: =IF(G51>0,G51,0) -> 0 | K51: 516.65 | M51: 0 | O51: =G51+K51+M51 -> -773.62 | S51: =IF(O51>=0,O51,0) -> 0 | U51: =IF(O51<=0,O51,0) -> -773.62 | W51: a
B52: =VLOOKUP(C52,Schools!$A$2:$C$175,2,FALSE) -> 9253123 | C52: S269BA | D52: Grasby All Saints CE Primary PE & Sports Grant | E52: 146.66 | F52: 1916 | G52: =-F52+E52 -> -1769.34 | H52: =IF(G52<0,G52,0) -> -1769.34 | I52: =IF(G52>0,G52,0) -> 0 | K52: 894.52 | M52: 0 | O52: =G52+K52+M52 -> -874.82 | S52: =IF(O52>=0,O52,0) -> 0 | U52: =IF(O52<=0,O52,0) -> -874.82 | W52: a
B53: =VLOOKUP(C53,Schools!$A$2:$C$175,2,FALSE) -> 9253313 | C53: S270BA | D53: Great Gonerby St Sebastians CE Primary PE & Sports Grant | E53: -383 | F53: -823 | G53: =-F53+E53 -> 440 | H53: =IF(G53<0,G53,0) -> 0 | I53: =IF(G53>0,G53,0) -> 440 | K53: 0 | M53: 0 | O53: =G53+K53+M53 -> 440 | Q53: =I53+O53 -> 880 | S53: =IF(O53>=0,O53,0) -> 440 | U53: =IF(O53<=0,O53,0) -> 0 | W53: a | X53: Review Aug and Sept costs to determine whether 2023/24 or 2024/25 | Y53: No transactions Aug/Sept on report
B54: =VLOOKUP(C54,Schools!$A$2:$C$175,2,FALSE) -> 9253314 | C54: S271BA | D54: Great Ponton CE Primary PE & Sports Grant | E54: 2720.04 | F54: 2501 | G54: =-F54+E54 -> 219.04 | H54: =IF(G54<0,G54,0) -> 0 | I54: =IF(G54>0,G54,0) -> 219.04 | K54: 0 | M54: 0 | O54: =G54+K54+M54 -> 219.04 | Q54: =I54+O54 -> 438.08 | S54: =IF(O54>=0,O54,0) -> 219.04 | U54: =IF(O54<=0,O54,0) -> 0 | W54: a | X54: Review Aug and Sept costs to determine whether 2023/24 or 2024/25 | Y54: No transactions Aug/Sept on report
B55: =VLOOKUP(C55,Schools!$A$2:$C$175,2,FALSE) -> 9252159 | C55: S272BA | D55: Great Steeping Primary PE & Sports Grant | E55: 1865.77 | F55: 10468 | G55: =-F55+E55 -> -8602.23 | H55: =IF(G55<0,G55,0) -> -8602.23 | I55: =IF(G55>0,G55,0) -> 0 | K55: 5594.12 | M55: 0 | O55: =G55+K55+M55 -> -3008.11 | S55: =IF(O55>=0,O55,0) -> 0 | U55: =IF(O55<=0,O55,0) -> -3008.11 | W55: a
B56: =VLOOKUP(C56,Schools!$A$2:$C$175,2,FALSE) -> 9255217 | C56: S273BA | D56: Grimoldby Primary PE & Sports Grant | E56: -7446 | F56: 0 | G56: =-F56+E56 -> -7446 | H56: =IF(G56<0,G56,0) -> -7446 | I56: =IF(G56>0,G56,0) -> 0 | J56: PRIME | K56: 11214 | M56: 0 | O56: =G56+K56+M56 -> 3768 | S56: =IF(O56>=0,O56,0) -> 3768 | U56: =IF(O56<=0,O56,0) -> 0 | W56: a | X56: Require details from the prime school which will have been provided with the Q1 & 2 returns adding to the evidence spreadsheet and details adding into this spreadsheet | Y56: Updated 21/11/24
B57: =VLOOKUP(C57,Schools!$A$2:$C$175,2,FALSE) -> 9253124 | C57: S274BA | D57: Hackthorn CE Primary PE & Sports Grant | E57: 5673.44 | F57: 2798 | G57: =-F57+E57 -> 2875.44 | H57: =IF(G57<0,G57,0) -> 0 | I57: =IF(G57>0,G57,0) -> 2875.44 | K57: 1.34 | M57: 60.92 | O57: =G57+K57+M57 -> 2937.7 | Q57: =I57+O57 -> 5813.14 | S57: =IF(O57>=0,O57,0) -> 2937.7 | U57: =IF(O57<=0,O57,0) -> 0 | W57: a | X57: Review Aug and Sept costs to determine whether 2023/24 or 2024/25 | Y57: Done
B58: =VLOOKUP(C58,Schools!$A$2:$C$175,2,FALSE) -> 9253125 | C58: S275BA | D58: Halton Holegate CE Primary PE & Sports Grant | E58: 216 | F58: 2419 | G58: =-F58+E58 -> -2203 | H58: =IF(G58<0,G58,0) -> -2203 | I58: =IF(G58>0,G58,0) -> 0 | K58: 0 | M58: 0 | O58: =G58+K58+M58 -> -2203 | S58: =IF(O58>=0,O58,0) -> 0 | U58: =IF(O58<=0,O58,0) -> -2203 | W58: a
B59: =VLOOKUP(C59,Schools!$A$2:$C$175,2,FALSE) -> 9253031 | C59: S276BA | D59: Harlaxton CE Primary PE & Sports Grant | E59: 3.35 | F59: 782 | G59: =-F59+E59 -> -778.65 | H59: =IF(G59<0,G59,0) -> -778.65 | I59: =IF(G59>0,G59,0) -> 0 | K59: 1242.71 | M59: 82.44 | O59: =G59+K59+M59 -> 546.5 | Q59: =I59+O59 -> 546.5 | S59: =IF(O59>=0,O59,0) -> 546.5 | U59: =IF(O59<=0,O59,0) -> 0 | W59: a
B60: =VLOOKUP(C60,Schools!$A$2:$C$175,2,FALSE) -> 9253033 | C60: S277BA | D60: Heckington St Andrew´s CE Primary PE & Sports Grant | E60: 2503.93 | F60: 1936 | G60: =-F60+E60 -> 567.93 | H60: =IF(G60<0,G60,0) -> 0 | I60: =IF(G60>0,G60,0) -> 567.93 | K60: =52.5+511.86 -> 564.36 | M60: 0 | O60: =G60+K60+M60 -> 1132.29 | Q60: =I60+O60 -> 1700.22 | S60: =IF(O60>=0,O60,0) -> 1132.29 | U60: =IF(O60<=0,O60,0) -> 0 | W60: a | X60: Review Aug and Sept costs to determine whether 2023/24 or 2024/25 | Y60: Payroll split coding covers P4 to 6. Amended as per email dated 13/01/25
B61: =VLOOKUP(C61,Schools!$A$2:$C$175,2,FALSE) -> 9252025 | C61: S278BA | D61: Helpringham Primary PE & Sports Grant | E61: 1526 | F61: 271 | G61: =-F61+E61 -> 1255 | H61: =IF(G61<0,G61,0) -> 0 | I61: =IF(G61>0,G61,0) -> 1255 | K61: 925 | M61: 0 | O61: =G61+K61+M61 -> 2180 | Q61: =I61+O61 -> 3435 | S61: =IF(O61>=0,O61,0) -> 2180 | U61: =IF(O61<=0,O61,0) -> 0 | W61: a | X61: Review Aug and Sept costs to determine whether 2023/24 or 2024/25 | Y61: Done
B62: =VLOOKUP(C62,Schools!$A$2:$C$175,2,FALSE) -> 9252210 | C62: S279BA | D62: Hemswell Cliff Primary PE & Sports Grant | E62: 5868.98 | F62: 6362 | G62: =-F62+E62 -> -493.02 | H62: =IF(G62<0,G62,0) -> -493.02 | I62: 509.42 | K62: 509.42 | M62: 5.13 | O62: =G62+K62+M62 -> 21.53 | Q62: =I62+O62 -> 530.95 | S62: =IF(O62>=0,O62,0) -> 21.53 | U62: =IF(O62<=0,O62,0) -> 0 | W62: a | X62: I can't find the tab for S279BA? 20/11/2024 The figure in column I was £1,242.71 which didn't agree to the schools details. Changed to £509.42 | Y62: Done
B63: =VLOOKUP(C63,Schools!$A$2:$C$175,2,FALSE) -> 9253089 | C63: S282BA | D63: Holbeach St Mark´s CE Primary PE & Sports Grant | E63: 3969.97 | F63: 3934 | G63: =-F63+E63 -> 35.97 | H63: =IF(G63<0,G63,0) -> 0 | I63: =IF(G63>0,G63,0) -> 35.97 | K63: 0 | M63: 0 | O63: =G63+K63+M63 -> 35.97 | Q63: =I63+O63 -> 71.94 | S63: =IF(O63>=0,O63,0) -> 35.97 | U63: =IF(O63<=0,O63,0) -> 0 | W63: a | X63: Review Aug and Sept costs to determine whether 2023/24 or 2024/25 | Y63: No transactions Aug/Sept on report
B64: =VLOOKUP(C64,Schools!$A$2:$C$175,2,FALSE) -> 9253167 | C64: S283BA | D64: Holbeach William Stukeley CE VA Primary PE & Sports Grant | E64: -7746 | F64: 11747 | G64: =-F64+E64 -> -19493 | H64: =IF(G64<0,G64,0) -> -19493 | I64: =IF(G64>0,G64,0) -> 0 | J64: PRIME | K64: 19475.48 | M64: 0 | O64: =G64+K64+M64 -> -17.52 | S64: =IF(O64>=0,O64,0) -> 0 | U64: =IF(O64<=0,O64,0) -> -17.52 | W64: a | X64: Require details from the prime school which will have been provided with the Q1 & 2 returns adding to the evidence spreadsheet and details adding into this spreadsheet | Y64: Updated
B65: =VLOOKUP(C65,Schools!$A$2:$C$175,2,FALSE) -> 9252229 | C65: S284BA | D65: Holton-Le-Clay Junior PE & Sports Grant | E65: -1867.28 | F65: 2973 | G65: =-F65+E65 -> -4840.28 | H65: =IF(G65<0,G65,0) -> -4840.28 | I65: =IF(G65>0,G65,0) -> 0 | K65: 5.33 | M65: 0 | O65: =G65+K65+M65 -> -4834.95 | S65: =IF(O65>=0,O65,0) -> 0 | U65: =IF(O65<=0,O65,0) -> -4834.95 | W65: a | X65: August allowance is this additional hours for July? | Y65: Contractual hours
B66: =VLOOKUP(C66,Schools!$A$2:$C$175,2,FALSE) -> 9252162 | C66: S285BA | D66: Holton-Le-Clay Infants PE & Sports Grant | E66: 1301 | F66: 1236 | G66: =-F66+E66 -> 65 | H66: =IF(G66<0,G66,0) -> 0 | I66: =IF(G66>0,G66,0) -> 65 | K66: 0 | M66: 0 | O66: =G66+K66+M66 -> 65 | Q66: =I66+O66 -> 130 | S66: =IF(O66>=0,O66,0) -> 65 | U66: =IF(O66<=0,O66,0) -> 0 | W66: a | X66: Review Aug and Sept costs to determine whether 2023/24 or 2024/25 | Y66: Done
B67: =VLOOKUP(C67,Schools!$A$2:$C$175,2,FALSE) -> 9252166 | C67: S288BA | D67: Ingham Primary PE & Sports Grant | E67: -464.18 | F67: 2942 | G67: =-F67+E67 -> -3406.18 | H67: =IF(G67<0,G67,0) -> -3406.18 | I67: =IF(G67>0,G67,0) -> 0 | K67: 3251.33 | M67: 41.07 | O67: =G67+K67+M67 -> -113.78 | S67: =IF(O67>=0,O67,0) -> 0 | U67: =IF(O67<=0,O67,0) -> -113.78 | W67: a | X67: August allowance is this additional hours for July? Get Set 4 Education £440 check as I think this is the new academic year | Y67: Corrected
B68: =VLOOKUP(C68,Schools!$A$2:$C$175,2,FALSE) -> 9252182 | C68: S291BA | D68: KELSEY PRIMARY PE & SPORTS GRANT | E68: -1567.44 | F68: 2621 | G68: =-F68+E68 -> -4188.44 | H68: =IF(G68<0,G68,0) -> -4188.44 | I68: =IF(G68>0,G68,0) -> 0 | K68: 2193.38 | M68: 0 | O68: =G68+K68+M68 -> -1995.06 | S68: =IF(O68>=0,O68,0) -> 0 | U68: =IF(O68<=0,O68,0) -> -1995.06 | W68: a
B69: =VLOOKUP(C69,Schools!$A$2:$C$175,2,FALSE) -> 9253359 | C69: S292BA | D69: Kirkby-On-Bain CE Primary PE & Sports Grant | E69: 12884.43 | F69: 23788 | G69: =-F69+E69 -> -10903.57 | H69: =IF(G69<0,G69,0) -> -10903.57 | I69: =IF(G69>0,G69,0) -> 0 | K69: 0 | M69: 1043.06 | O69: =G69+K69+M69 -> -9860.51 | S69: =IF(O69>=0,O69,0) -> 0 | U69: =IF(O69<=0,O69,0) -> -9860.51 | W69: a
B70: =VLOOKUP(C70,Schools!$A$2:$C$175,2,FALSE) -> 9252094 | C70: S293BA | D70: Kirton Primary PE & Sports Grant | E70: 9103.92 | F70: 30625 | G70: =-F70+E70 -> -21521.08 | H70: =IF(G70<0,G70,0) -> -21521.08 | I70: =IF(G70>0,G70,0) -> 0 | K70: 16776.17 | M70: 0 | O70: =G70+K70+M70 -> -4744.91 | S70: =IF(O70>=0,O70,0) -> 0 | U70: =IF(O70<=0,O70,0) -> -4744.91 | W70: a | X70: They may question the decision on the play equipment difficult to ascertain whether it was this academic year | Y70: PO raised 12/07/24, GR done 02/09/24 so will let school prvide more info as to when carried out.
B71: =VLOOKUP(C71,Schools!$A$2:$C$175,2,FALSE) -> 9252028 | C71: S294BA | D71: Langtoft Primary PE & Sports Grant | E71: 2860.85 | F71: 1735 | G71: =-F71+E71 -> 1125.85 | H71: =IF(G71<0,G71,0) -> 0 | I71: =IF(G71>0,G71,0) -> 1125.85 | K71: 2523.33 | M71: 601.64 | O71: =G71+K71+M71 -> 4250.82 | Q71: =I71+O71 -> 5376.67 | S71: =IF(O71>=0,O71,0) -> 4250.82 | U71: =IF(O71<=0,O71,0) -> 0 | W71: a | X71: Review Aug and Sept costs to determine whether 2023/24 or 2024/25 | Y71: Done
B72: =VLOOKUP(C72,Schools!$A$2:$C$175,2,FALSE) -> 9253361 | C72: S296BA | D72: Lea Frances Olive Anderson CE Primary PE & Sports Grant | E72: -5120.05 | F72: 3946 | G72: =-F72+E72 -> -9066.05 | H72: =IF(G72<0,G72,0) -> -9066.05 | I72: =IF(G72>0,G72,0) -> 0 | K72: 498.6 | M72: 0 | O72: =G72+K72+M72 -> -8567.45 | S72: =IF(O72>=0,O72,0) -> 0 | U72: =IF(O72<=0,O72,0) -> -8567.45 | W72: a
B73: =VLOOKUP(C73,Schools!$A$2:$C$175,2,FALSE) -> 9253037 | C73: S297BA | D73: Leasingham St Andrew´s CE Primary PE & Sports Grant | E73: 2329.43 | F73: 2078 | G73: =-F73+E73 -> 251.43 | H73: =IF(G73<0,G73,0) -> 0 | I73: =IF(G73>0,G73,0) -> 251.43 | K73: 2.82 | M73: 32 | O73: =G73+K73+M73 -> 286.25 | Q73: =I73+O73 -> 537.68 | S73: =IF(O73>=0,O73,0) -> 286.25 | U73: =IF(O73<=0,O73,0) -> 0 | W73: a | X73: Review Aug and Sept costs to determine whether 2023/24 or 2024/25 | Y73: Done
B74: =VLOOKUP(C74,Schools!$A$2:$C$175,2,FALSE) -> 9253168 | C74: S298BA | D74: Legbourne East Wold CE Primary PE & Sports Grant | E74: 1308.32 | F74: 5385 | G74: =-F74+E74 -> -4076.68 | H74: =IF(G74<0,G74,0) -> -4076.68 | I74: =IF(G74>0,G74,0) -> 0 | K74: 4307 | M74: 45.23 | O74: =G74+K74+M74 -> 275.55 | S74: =IF(O74>=0,O74,0) -> 275.55 | U74: =IF(O74<=0,O74,0) -> 0 | W74: a | X74: August allowance is this additional hours for July? | Y74: Additional hours. Corrected.
B75: =VLOOKUP(C75,Schools!$A$2:$C$175,2,FALSE) -> 9252169 | C75: S299BA | D75: Legsby Primary PE & Sports Grant | E75: 2347.92 | F75: 4642 | G75: =-F75+E75 -> -2294.08 | H75: =IF(G75<0,G75,0) -> -2294.08 | I75: =IF(G75>0,G75,0) -> 0 | K75: 140 | M75: 0 | O75: =G75+K75+M75 -> -2154.08 | S75: =IF(O75>=0,O75,0) -> 0 | U75: =IF(O75<=0,O75,0) -> -2154.08 | W75: a
B76: =VLOOKUP(C76,Schools!$A$2:$C$175,2,FALSE) -> 9252245 | C76: S300BA | D76: Lincoln Birchwood Junior PE & Sports Grant | E76: 896.55 | F76: -1082 | G76: =-F76+E76 -> 1978.55 | H76: =IF(G76<0,G76,0) -> 0 | I76: =IF(G76>0,G76,0) -> 1978.55 | K76: =4445.94+366.34 -> 4812.28 | M76: 2325.6 | O76: =G76+K76+M76 -> 9116.43 | Q76: =I76+O76 -> 11094.98 | S76: =IF(O76>=0,O76,0) -> 9116.43 | U76: =IF(O76<=0,O76,0) -> 0 | W76: a | X76: Review Aug and Sept costs to determine whether 2023/24 or 2024/25 | Y76: Payroll split coding covers P4 to 5. Amended 13/01/25 see email.
B77: =VLOOKUP(C77,Schools!$A$2:$C$175,2,FALSE) -> 9253505 | C77: S301BA | D77: Lincoln Bishop King CE Primary PE & Sports Grant | E77: 8322.66 | F77: 3319 | G77: =-F77+E77 -> 5003.66 | H77: =IF(G77<0,G77,0) -> 0 | I77: =IF(G77>0,G77,0) -> 5003.66 | K77: -11632.55 | M77: 183.43 | O77: =G77+K77+M77 -> -6445.46 | S77: =IF(O77>=0,O77,0) -> 0 | U77: =IF(O77<=0,O77,0) -> -6445.46 | W77: a | X77: Review Aug and Sept costs to determine whether 2023/24 or 2024/25 | Y77: £12k credit moving costs to Budget Share relating to 01/06/24 transaction.
B78: =VLOOKUP(C78,Schools!$A$2:$C$175,2,FALSE) -> 9252246 | C78: S303BA | D78: Lincoln Leslie Manser Primary PE & Sports Grant | E78: 5133.66 | F78: 5089 | G78: =-F78+E78 -> 44.66 | H78: =IF(G78<0,G78,0) -> 0 | I78: =IF(G78>0,G78,0) -> 44.66 | K78: 419.38 | M78: 107.51 | O78: =G78+K78+M78 -> 571.55 | Q78: =I78+O78 -> 616.21 | S78: =IF(O78>=0,O78,0) -> 571.55 | U78: =IF(O78<=0,O78,0) -> 0 | W78: a | X78: Review Aug and Sept costs to determine whether 2023/24 or 2024/25 | Y78: Done
B79: =VLOOKUP(C79,Schools!$A$2:$C$175,2,FALSE) -> 9252124 | C79: S304BA | D79: Lincoln Monks Abbey Primary PE & Sports Grant | E79: 9780.68 | F79: 8464 | G79: =-F79+E79 -> 1316.68 | H79: =IF(G79<0,G79,0) -> 0 | I79: =IF(G79>0,G79,0) -> 1316.68 | K79: 282.09 | M79: 0 | O79: =G79+K79+M79 -> 1598.77 | Q79: =I79+O79 -> 2915.45 | S79: =IF(O79>=0,O79,0) -> 1598.77 | U79: =IF(O79<=0,O79,0) -> 0 | W79: a | X79: Review Aug and Sept costs to determine whether 2023/24 or 2024/25 | Y79: Done
B80: =VLOOKUP(C80,Schools!$A$2:$C$175,2,FALSE) -> 9253107 | C80: S305BA | D80: Lincoln St Faith & St Martin CE Junior PE & Sports Grant | E80: -5229 | F80: 4041 | G80: =-F80+E80 -> -9270 | H80: =IF(G80<0,G80,0) -> -9270 | I80: =IF(G80>0,G80,0) -> 0 | K80: 21189 | M80: 0 | O80: =G80+K80+M80 -> 11919 | Q80: =I80+O80 -> 11919 | S80: =IF(O80>=0,O80,0) -> 11919 | U80: =IF(O80<=0,O80,0) -> 0 | W80: a
B81: =VLOOKUP(C81,Schools!$A$2:$C$175,2,FALSE) -> 9253108 | C81: S306BA | D81: Lincoln St Faith´s CE Infant PE & Sports Grant | E81: -4453.73 | F81: 2406 | G81: =-F81+E81 -> -6859.73 | H81: =IF(G81<0,G81,0) -> -6859.73 | I81: =IF(G81>0,G81,0) -> 0 | K81: 46.87 | M81: 832.68 | O81: =G81+K81+M81 -> -5980.18 | S81: =IF(O81>=0,O81,0) -> 0 | U81: =IF(O81<=0,O81,0) -> -5980.18 | W81: a | X81: Create Development invoice is a subscription for the new academic year | Y81: Amended.
B82: =VLOOKUP(C82,Schools!$A$2:$C$175,2,FALSE) -> 9253111 | C82: S307BA | D82: Lincoln St Peter At Gowts CE Primary PE & Sports Grant | E82: -6429.28 | F82: 5994 | G82: =-F82+E82 -> -12423.28 | H82: =IF(G82<0,G82,0) -> -12423.28 | I82: =IF(G82>0,G82,0) -> 0 | K82: 14548.5 | M82: 0 | O82: =G82+K82+M82 -> 2125.22 | Q82: =I82+O82 -> 2125.22 | S82: =IF(O82>=0,O82,0) -> 2125.22 | U82: =IF(O82<=0,O82,0) -> 0 | W82: a
B83: =VLOOKUP(C83,Schools!$A$2:$C$175,2,FALSE) -> 9253105 | C83: S308BA | D83: Lincoln St Peter In Eastgate CE (CTD) Infant PE & Sports Grant | E83: -6908 | F83: 3 | G83: =-F83+E83 -> -6911 | H83: =IF(G83<0,G83,0) -> -6911 | I83: =IF(G83>0,G83,0) -> 0 | J83: PRIME | K83: 11455.8 | M83: 0 | O83: =G83+K83+M83 -> 4544.8 | S83: =IF(O83>=0,O83,0) -> 4544.8 | U83: =IF(O83<=0,O83,0) -> 0 | W83: a | X83: Require details from the prime school which will have been provided with the Q1 & 2 returns adding to the evidence spreadsheet and details adding into this spreadsheet | Y83: Updated 21/11/24
B84: =VLOOKUP(C84,Schools!$A$2:$C$175,2,FALSE) -> 9255219 | C84: S309BA | D84: Lincoln The Lancaster Infant PE & Sports Grant | E84: 6880.31 | F84: 5566 | G84: =-F84+E84 -> 1314.31 | H84: =IF(G84<0,G84,0) -> 0 | I84: =IF(G84>0,G84,0) -> 1314.31 | K84: =565.54+355.96 -> 921.5 | M84: 0 | O84: =G84+K84+M84 -> 2235.81 | Q84: =I84+O84 -> 3550.12 | S84: =IF(O84>=0,O84,0) -> 2235.81 | U84: =IF(O84<=0,O84,0) -> 0 | W84: a | X84: Review Aug and Sept costs to determine whether 2023/24 or 2024/25 | Y84: Allowances contractual hours Payroll split coding P4 to 5. Amended 15/01/25 see email.
B85: =VLOOKUP(C85,Schools!$A$2:$C$175,2,FALSE) -> 9253507 | C85: S310BA | D85: Lincoln The Meadows Primary PE & Sports Grant | E85: -8042 | F85: 7910 | G85: =-F85+E85 -> -15952 | H85: =IF(G85<0,G85,0) -> -15952 | I85: =IF(G85>0,G85,0) -> 0 | J85: PRIME | K85: 15213.75 | M85: 0 | O85: =G85+K85+M85 -> -738.25 | S85: =IF(O85>=0,O85,0) -> 0 | U85: =IF(O85<=0,O85,0) -> -738.25 | W85: a | X85: Require details from the prime school which will have been provided with the Q1 & 2 returns adding to the evidence spreadsheet and details adding into this spreadsheet | Y85: Updated
B86: =VLOOKUP(C86,Schools!$A$2:$C$175,2,FALSE) -> 9252120 | C86: S311BA | D86: Lincoln The Sir Francis Hill Community Primary PE & Sports Grant | E86: -8775 | F86: 10083 | G86: =-F86+E86 -> -18858 | H86: =IF(G86<0,G86,0) -> -18858 | I86: =IF(G86>0,G86,0) -> 0 | J86: PRIME | K86: 18874.83 | M86: 0 | O86: =G86+K86+M86 -> 16.83 | S86: =IF(O86>=0,O86,0) -> 16.83 | U86: =IF(O86<=0,O86,0) -> 0 | W86: a | X86: Require details from the prime school which will have been provided with the Q1 & 2 returns adding to the evidence spreadsheet and details adding into this spreadsheet | Y86: Updated 22/11/24
B87: =VLOOKUP(C87,Schools!$A$2:$C$175,2,FALSE) -> 9252135 | C87: S312BA | D87: Lincoln Woodlands Infant PE & Sports Grant | E87: -4470 | F87: 3166 | G87: =-F87+E87 -> -7636 | H87: =IF(G87<0,G87,0) -> -7636 | I87: =IF(G87>0,G87,0) -> 0 | K87: 191.49 | M87: 0 | O87: =G87+K87+M87 -> -7444.51 | S87: =IF(O87>=0,O87,0) -> 0 | U87: =IF(O87<=0,O87,0) -> -7444.51 | W87: a | X87: Capital spend - Contact the school advising this is capital spend and do they want it journalling to Capital from Revenue in Budget share or DFC GM Services I think this should be 2024/25 | Y87: Amended.
B88: =VLOOKUP(C88,Schools!$A$2:$C$175,2,FALSE) -> 9253128 | C88: S316BA | D88: Louth St Michael´s CE Primary PE & Sports Grant | E88: -3194.19 | F88: -5108 | G88: =-F88+E88 -> 1913.81 | H88: =IF(G88<0,G88,0) -> 0 | I88: =IF(G88>0,G88,0) -> 1913.81 | K88: 80 | M88: 0 | O88: =G88+K88+M88 -> 1993.81 | Q88: =I88+O88 -> 3907.62 | S88: =IF(O88>=0,O88,0) -> 1993.81 | U88: =IF(O88<=0,O88,0) -> 0 | W88: a | X88: Review Aug and Sept costs to determine whether 2023/24 or 2024/25 | Y88: Done
B89: =VLOOKUP(C89,Schools!$A$2:$C$175,2,FALSE) -> 9253130 | C89: S318BA | D89: Mareham-Le-Fen CE Primary PE & Sports Grant | E89: 1660.66 | F89: 1709 | G89: =-F89+E89 -> -48.34 | H89: =IF(G89<0,G89,0) -> -48.34 | I89: =IF(G89>0,G89,0) -> 0 | K89: 48 | M89: 0 | O89: =G89+K89+M89 -> -0.34 | S89: =IF(O89>=0,O89,0) -> 0 | U89: =IF(O89<=0,O89,0) -> -0.34 | W89: a
B90: =VLOOKUP(C90,Schools!$A$2:$C$175,2,FALSE) -> 9252065 | C90: S319BA | D90: Market Deeping Community Primary PE & Sports Grant | E90: 1325.31 | F90: 373 | G90: =-F90+E90 -> 952.31 | H90: =IF(G90<0,G90,0) -> 0 | I90: =IF(G90>0,G90,0) -> 952.31 | K90: 0 | M90: 0 | O90: =G90+K90+M90 -> 952.31 | Q90: =I90+O90 -> 1904.62 | S90: =IF(O90>=0,O90,0) -> 952.31 | U90: =IF(O90<=0,O90,0) -> 0 | W90: a | X90: Review Aug and Sept costs to determine whether 2023/24 or 2024/25 | Y90: Done
B91: =VLOOKUP(C91,Schools!$A$2:$C$175,2,FALSE) -> 9255228 | C91: S320BA | D91: Market Deeping William Hildyard CE Primary PE & Sports Grant | E91: -1708.56 | F91: 1418 | G91: =-F91+E91 -> -3126.56 | H91: =IF(G91<0,G91,0) -> -3126.56 | I91: =IF(G91>0,G91,0) -> 0 | K91: 0 | M91: 0 | O91: =G91+K91+M91 -> -3126.56 | S91: =IF(O91>=0,O91,0) -> 0 | U91: =IF(O91<=0,O91,0) -> -3126.56 | W91: a
B92: =VLOOKUP(C92,Schools!$A$2:$C$175,2,FALSE) -> 9253131 | C92: S321BA | D92: Market Rasen CE Primary PE & Sports Grant | E92: 52.91 | F92: -2 | G92: =-F92+E92 -> 54.91 | H92: =IF(G92<0,G92,0) -> 0 | I92: =IF(G92>0,G92,0) -> 54.91 | K92: 1.22 | M92: 52.88 | O92: =G92+K92+M92 -> 109.01 | Q92: =I92+O92 -> 163.92 | S92: =IF(O92>=0,O92,0) -> 109.01 | U92: =IF(O92<=0,O92,0) -> 0 | W92: a | X92: Review Aug and Sept costs to determine whether 2023/24 or 2024/25 | Y92: Done
B93: =VLOOKUP(C93,Schools!$A$2:$C$175,2,FALSE) -> 9252174 | C93: S322BA | D93: Marshchapel Primary PE & Sports Grant | E93: 3968.49 | F93: 3169 | G93: =-F93+E93 -> 799.49 | H93: =IF(G93<0,G93,0) -> 0 | I93: =IF(G93>0,G93,0) -> 799.49 | K93: 522.61 | M93: 0 | O93: =G93+K93+M93 -> 1322.1 | Q93: =I93+O93 -> 2121.59 | S93: =IF(O93>=0,O93,0) -> 1322.1 | U93: =IF(O93<=0,O93,0) -> 0 | W93: a | X93: Review Aug and Sept costs to determine whether 2023/24 or 2024/25 | Y93: Done
B94: =VLOOKUP(C94,Schools!$A$2:$C$175,2,FALSE) -> 9253321 | C94: S323BA | D94: Marston Thorold´s Charity CE Primary PE & Sports Grant | E94: 2554 | F94: 1253 | G94: =-F94+E94 -> 1301 | H94: =IF(G94<0,G94,0) -> 0 | I94: =IF(G94>0,G94,0) -> 1301 | K94: 0 | M94: 0 | O94: =G94+K94+M94 -> 1301 | Q94: =I94+O94 -> 2602 | S94: =IF(O94>=0,O94,0) -> 1301 | U94: =IF(O94<=0,O94,0) -> 0 | W94: a | X94: Review Aug and Sept costs to determine whether 2023/24 or 2024/25 | Y94: No transactions Aug/Sept on report
B95: =VLOOKUP(C95,Schools!$A$2:$C$175,2,FALSE) -> 9253041 | C95: S324BA | D95: Martin Mrs Mary King´s CE (CTD) Primary PE & Sports Grant | E95: -4221.71 | F95: -374 | G95: =-F95+E95 -> -3847.71 | H95: =IF(G95<0,G95,0) -> -3847.71 | I95: =IF(G95>0,G95,0) -> 0 | K95: 1614.49 | M95: 48.72 | O95: =G95+K95+M95 -> -2184.5 | S95: =IF(O95>=0,O95,0) -> 0 | U95: =IF(O95<=0,O95,0) -> -2184.5 | W95: a | X95: August allowance is this additional hours for July? | Y95: Amended.
B96: =VLOOKUP(C96,Schools!$A$2:$C$175,2,FALSE) -> 9252030 | C96: S326BA | D96: Metheringham Primary PE & Sports Grant | E96: -7617 | F96: 1392 | G96: =-F96+E96 -> -9009 | H96: =IF(G96<0,G96,0) -> -9009 | I96: =IF(G96>0,G96,0) -> 0 | J96: PRIME | K96: 9797.78 | M96: 0 | O96: =G96+K96+M96 -> 788.78 | S96: =IF(O96>=0,O96,0) -> 788.78 | U96: =IF(O96<=0,O96,0) -> 0 | W96: a | X96: Require details from the prime school which will have been provided with the Q1 & 2 returns adding to the evidence spreadsheet and details adding into this spreadsheet | Y96: Updated
B97: =VLOOKUP(C97,Schools!$A$2:$C$175,2,FALSE) -> 9252176 | C97: S327BA | D97: Middle Rasen Primary PE & Sports Grant | E97: -5432 | F97: -7666 | G97: =-F97+E97 -> 2234 | H97: =IF(G97<0,G97,0) -> 0 | I97: =IF(G97>0,G97,0) -> 2234 | K97: 0 | M97: 0 | O97: =G97+K97+M97 -> 2234 | Q97: =I97+O97 -> 4468 | S97: =IF(O97>=0,O97,0) -> 2234 | U97: =IF(O97<=0,O97,0) -> 0 | W97: a | X97: Review Aug and Sept costs to determine whether 2023/24 or 2024/25 | Y97: Done
B98: =VLOOKUP(C98,Schools!$A$2:$C$175,2,FALSE) -> 9252177 | C98: S328BA | D98: Morton Trentside Primary PE & Sports Grant | E98: 2614.32 | F98: -576 | G98: =-F98+E98 -> 3190.32 | H98: =IF(G98<0,G98,0) -> 0 | I98: =IF(G98>0,G98,0) -> 3190.32 | K98: 1911.36 | M98: 3272.8 | O98: =G98+K98+M98 -> 8374.48 | Q98: =I98+O98 -> 11564.8 | S98: =IF(O98>=0,O98,0) -> 8374.48 | U98: =IF(O98<=0,O98,0) -> 0 | W98: a | X98: Review Aug and Sept costs to determine whether 2023/24 or 2024/25 | Y98: Done
B99: =VLOOKUP(C99,Schools!$A$2:$C$175,2,FALSE) -> 9252096 | C99: S330BA | D99: Moulton Chapel Primary PE & Sports Grant | E99: -162.61 | F99: 12049 | G99: =-F99+E99 -> -12211.61 | H99: =IF(G99<0,G99,0) -> -12211.61 | I99: =IF(G99>0,G99,0) -> 0 | K99: 690.79 | M99: 33.88 | O99: =G99+K99+M99 -> -11486.94 | S99: =IF(O99>=0,O99,0) -> 0 | U99: =IF(O99<=0,O99,0) -> -11486.94 | W99: a | X99: August allowance is this additional hours for July? | Y99: Amended.
B100: =VLOOKUP(C100,Schools!$A$2:$C$175,2,FALSE) -> 9252097 | C100: S331BA | D100: Moulton The John Harrox Primary PE & Sports Grant | E100: 13564.22 | F100: 10397 | G100: =-F100+E100 -> 3167.22 | H100: =IF(G100<0,G100,0) -> 0 | I100: =IF(G100>0,G100,0) -> 3167.22 | K100: 628.21 | M100: 107.82 | O100: =G100+K100+M100 -> 3903.25 | Q100: =I100+O100 -> 7070.47 | S100: =IF(O100>=0,O100,0) -> 3903.25 | U100: =IF(O100<=0,O100,0) -> 0 | W100: a | X100: Review Aug and Sept costs to determine whether 2023/24 or 2024/25 | Y100: Done
...

Sheet Schools
A1: CC | B1: DFE | C1: NAME
A2: S100BA | B2: 9251012 | C2: Boston Nursery School
A3: S110BA | B3: 9251011 | C3: Gainsborough Nursery School
A4: S120BA | B4: 9251001 | C4: Grantham Wyndham Park Nursery School
A5: S130BA | B5: 9251010 | C5: Lincoln Kingsdown Nursery School
A6: S140BA | B6: 9251005 | C6: Lincoln Saint Giles Nursery
A7: S200BA | B7: 9252142 | C7: Alford Primary School
A8: S201BA | B8: 9253000 | C8: Allington with Sedgebrook Church of England Primary
A9: S203BA | B9: 9253001 | C9: Ancaster Church of England Primary School
A10: S204BA | B10: 9253154 | C10: Bardney Church of England & Methodist Primary School
A11: S205BA | B11: 9255222 | C11: Barkston & Syston Church of England Primary School
A12: S206BA | B12: 9253004 | C12: Barrowby Church of England Primary School
A13: S208BA | B13: 9253005 | C13: Baston Church of England Primary School
... A175: S612BA | B175: 9257032 | C175: Lincoln The Athena School
